 Dungeon Crawl Stone Soup version 0.29.1-12-g30fa7ad0bf (webtiles) character file.

Game seed: 15453673383216581112

142 FexLirch the Shield-Bearer (level 5, -1/42 HPs)
             Began as a Formicid Fighter on Jan 11, 2023.
             Killed from afar by a steam dragon (12 damage)
             ... with a ball of steam
             ... on level 6 of the Dungeon.
             The game lasted 00:02:58 (3015 turns).

FexLirch the Shield-Bearer (Formicid Fighter)       Turns: 3015, Time: 00:02:59

Health: -1/42      AC:  6    Str: 29    XL:     5   Next: 49%
Magic:  5/5        EV:  9    Int:  7    God:
Gold:   180        SH:  5    Dex: 13    Spells: 4/4 levels left

rFire   . . .      SeeInvis +   a - +0 war axe
rCold   . . .      Faith    .   c - +0 buckler
rNeg    . . .      Spirit   .   b - +0 scale mail
rPois   .          Reflect  .   (helmet unavailable)
rElec   .          Harm     .   (no cloak)
rCorr   .          Rampage  .   (no gloves)
Will    .....                   (no boots)
Stlth   ..........              (no amulet)
HPRegen 0.14/turn               v - +6 ring of strength
MPRegen 0.09/turn               (no ring)

@: no status effects
A: permanent stasis, dig shafts and tunnels, antennae 3, four strong arms
a: Dig, Shaft Self


You were on level 6 of the Dungeon.
You visited 1 branch of the dungeon, and saw 5 of its levels.

You collected 180 gold pieces.

Inventory:

Hand Weapons
 a - a +0 war axe (weapon)
Armour
 b - a +0 scale mail (worn)
 c - a +0 buckler (worn)
 i - a +0 tower shield
 s - a +0 robe of willpower
Jewellery
 v - a +6 ring of strength (left hand)
Scrolls
 e - 2 scrolls of magic mapping {unknown}
 j - a scroll of enchant weapon {unknown}
 k - a scroll of summoning {unknown}
 o - a scroll of teleportation {unknown}
 q - a scroll of poison {unknown}
 t - a scroll of amnesia {unknown}
Potions
 d - 2 potions of might
 g - a potion of haste
 h - 2 potions of magic
 l - a potion of heal wounds
 m - a potion of cancellation
 n - a potion of resistance {unknown}
 p - a potion of mutation {unknown}
 r - a potion of lignification {unknown}
 u - 2 potions of brilliance


   Skills:
 + Level 4.2 Fighting
 * Level 4.0 Axes
 - Level 3.2 Armour
 + Level 5.1 Shields


You had 4 spell levels left.
You didn't know any spells.
Your spell library contained the following spells:

 Spells                   Type           Power      Damage    Failure   Level
 Dazzling Flash           Conj/Hex       0%         N/A       98%         3
 Agony                    Necr           0%         N/A       100%        5
 Silence                  Hex/Air        0%         N/A       100%        5


Dungeon Overview and Level Annotations

Branches:
Dungeon (4/15)
 Temple: D:4-7

Altars:


Innate Abilities, Weirdness & Mutations

You cannot be hasted, slowed, berserked, paralysed or teleported.
You can dig through walls and to a lower floor.
You have a pair of large antennae on your head. (SInv)
Your four strong arms can wield two-handed weapons with a shield.


Message History

m - a potion of cancellation You closely miss the steam dragon.
The steam dragon bites you but does no damage.
The steam dragon claws you but does no damage.
You slash the steam dragon!
The steam dragon is moderately wounded.
The steam dragon barely misses you.
The steam dragon claws you but does no damage.
You closely miss the steam dragon.
The steam dragon is moderately wounded.
You block the steam dragon's attack. The steam dragon claws you.
You closely miss the steam dragon.
The steam dragon is moderately wounded.
You block the steam dragon's attack. The steam dragon barely misses you.
The steam dragon bites you! The steam dragon barely misses you.
You barely miss the steam dragon.
The steam dragon is moderately wounded.
The steam dragon bites you! The steam dragon closely misses you.
You completely miss the steam dragon.
The steam dragon is moderately wounded.
The steam dragon completely misses you. The steam dragon barely misses you.
You hit the steam dragon but do no damage.
The steam dragon is moderately wounded.
You block the steam dragon's attack.
The steam dragon claws you but does no damage.
You block the steam dragon's attack. The steam dragon claws you.
You barely miss the steam dragon.
The steam dragon is moderately wounded.
The steam dragon breathes steam at you. The ball of steam hits you.
You hear an angry growl.
You slash the steam dragon!
The steam dragon is severely wounded.
The steam dragon bites you.
* * * LOW HITPOINT WARNING * * *
The steam dragon barely misses you.
A black bear comes into view.
The steam dragon breathes steam at you. The ball of steam hits you!
You die...

############
#.##§§§§......#
...§§.§§D..###.#
....§.§§##.# #.#
......#@##.# #.#
.#.## #.##.# #.#
. #....# #.#
.D...#..# #.#
### ####....#
#.###.## #..#.#
#......# .....#
#####.## ....h.#
#.# ####.#.# #.#


You could see a steam dragon (catching breath) and a black bear.

Vanquished Creatures
  An orc wizard (D:3)
  4 adders
  4 worms
  A dart slug (D:2)
  4 orcs (D:3)
  A ball python (D:1)
  6 endoplasms
  3 giant cockroaches
  2 goblins (D:2)
  7 hobgoblins
  7 jackals
  5 kobolds
  2 quokkas
  7 bats
  A frilled lizard (D:2)
  3 rats
58 creatures vanquished.

Notes
Turn   | Place    | Note
-------+----------+-------------------------------------------
     0 | D:1      | FexLirch the Formicid Fighter began the quest for the Orb.
     0 | D:1      | Reached XP level 1. HP: 18/18 MP: 1/1
    88 | D:1      | Reached XP level 2. HP: 24/24 MP: 2/2
   315 | D:1      | Found a faded altar of an unknown god.
   408 | D:1      | Reached XP level 3. HP: 25/29 MP: 3/3
   775 | D:2      | Reached XP level 4. HP: 22/37 MP: 4/4
  1584 | D:3      | Reached XP level 5. HP: 31/42 MP: 5/5
  2071 | D:3      | You fall into a shaft and drop 1 floor!
  2233 | D:4      | Noticed a lemure
  2256 | D:3      | Reached skill level 5 in Shields
  2816 | D:3      | You fall into a shaft and drop 3 floors!
  2995 | D:6      | Noticed a steam dragon
  3015 | D:6      | Noticed a black bear
  3015 | D:6      | Killed from afar by a steam dragon

Illustrated notes

Levels and vault maps discovered:
D:1:      dpeg_arrival_round_b, layout_basic, ebering_ecumenical_altar_abandoned
D:2:      layout_basic
D:3:      layout_basic, kennysheep_vampire_church, nicolae_ashenzari_skybound,
          hex_intersection
D:4:      layout_gridville, uniq_crazy_yiuf_cottage, uniq_blork_the_orc,
          uniq_duvessa, uniq_pikel, uniq_menkaure, uniq_eustachio, uniq_sigmund
D:6:      layout_loops_ring, worldfamousw_hep_ancestral_shrine

Skill      XL: |  1  2  3  4  5 |
---------------+----------------+-----
Axes           | 3 4 |  4.0
Fighting       | 4 |  4.2
Shields        | 5 |  5.1
Armour         | |  3.2

Action                   |  1- 3 |  4- 6 || total
-------------------------+-------+-------++-------
Melee: War axe           |    66 |   123 ||   189
 Abil: Shaft Self        |       |     2 ||     2
  Use: Scroll            |       |     5 ||     5
Armor: Scale mail        |    22 |    45 ||    67
Dodge: Dodged            |    31 |    72 ||   103
Block: Buckler           |     9 |    39 ||    48
       Tower shield      |    10 |       ||    10
